 Dungeon Crawl Stone Soup version 0.28-a0-687-gb91baff9cc (webtiles) character file.

Game seed: 5774741037033178106

30 Irenicus the Digger (level 3, -3/28 HPs)
             Began as a Deep Dwarf Earth Elementalist on Oct 19, 2021.
             Slain by Purgy (4 damage)
             ... in a sewer.
             The game lasted 00:03:21 (338 turns).

Irenicus the Digger (Deep Dwarf Earth Elementalist)  Turns: 338, Time: 00:03:21

Health: -3/28      AC:  3    Str: 11    XL:     3   Next: 3%
Magic:  0/3        EV: 12    Int: 16    God:
Gold:   8          SH:  0    Dex: 13    Spells: 2/5 levels left

rFire   . . .      SeeInvis .   d - staff of death {!a}
rCold   . . .      Faith    .   (no shield)
rNeg    + . .      Spirit   .   b - +1 robe
rPois   .          Reflect  .   (no helmet)
rElec   .          Harm     .   (no cloak)
rCorr   .          Rampage  .   (no gloves)
Will    .....                   (no boots)
Stlth   ++........              (no amulet)
HPRegen 0.00/turn               (no ring)
MPRegen 0.08/turn               (no ring)

@: no status effects
A: damage resistance, heal wounds, sense surroundings 1, no regeneration
a: Heal Wounds


You were in a sewer.
You visited 1 branch of the dungeon, and saw 3 of its levels.
You also visited: Sewer.

You collected 8 gold pieces.


Innate Abilities, Weirdness & Mutations

You are resistant to damage.
You can heal yourself by infusing magical energy.
You passively map a small area around you.
You do not regenerate.


   Skills:
 - Level 2.1 Dodging
 - Level 2.4 Stealth
 - Level 1.7 Spellcasting
 - Level 0.8 Transmutations
 + Level 5.6 Earth Magic


You had 2 spell levels left.
You knew the following spells:

 Your Spells              Type           Power      Damage    Failure   Level
w - Passwall              Tmut/Erth      9%         N/A       9%          2
z - Sandblast             Erth           38%        2d10      1%          1

Your spell library contained the following spells:

 Spells                   Type           Power      Damage    Failure   Level
 Stone Arrow              Conj/Erth      20%        3d8       21%         3
 Petrify                  Tmut/Erth      11%        N/A       50%         4

Inventory:

Hand Weapons
 a - a +0 dagger
Missiles
 c - 44 stones
Armour
 b - a +1 robe (worn)
Magical Staves
 d - a staff of death (weapon) {!a}

Dungeon Overview and Level Annotations

Branches:
Dungeon (3/15)              Sewer (1/1)

Altars:

Annotations:
Sewer Purgy

▒..≈ ▒...▒
▒.≈▒▒▒..▒▒
▒...▒...▒
▒.....▒▒
▒..≈≈.▒
▒▒.≈.▒▒
▒...▒▒▒
▒(.▒.▒T)▒
▒??▒.▒@[▒
▒▒▒▒▒▒▒▒▒


You could see Purgy.


Message History

Confirm with . or Enter, or press ? or * to list all spells.
Aiming: Sandblast (safe; 1% risk of failure)
Press: ? - help, Shift-Dir - straight line, f/p - Purgy
Aim: Purgy (heavily wounded, 74% to hit)
The blast of sand hits Purgy.
Purgy is heavily wounded.
Purgy bites you.
* * * LOW HITPOINT WARNING * * *
Purgy claws you but does no damage. Purgy claws you.
You hit Purgy.
Purgy is severely wounded.
Purgy bites you.
* * * LOW HITPOINT WARNING * * *
Purgy barely misses you. x2
You hit Purgy.
Purgy is severely wounded.
Purgy bites you. Purgy barely misses you. Purgy claws you but does no damage.
You hit Purgy.
Purgy is almost dead.
Purgy bites you!
* * * LOW HITPOINT WARNING * * *
Purgy claws you. x2; Purgy bites you but does no damage.
Purgy barely misses you. Purgy closely misses you.
You barely miss Purgy.
Purgy is severely wounded.
Purgy bites you. Purgy claws you. x2
You closely miss Purgy.
Purgy is severely wounded.
Purgy bites you.
You die...

Skill      XL: |  1  2 |
---------------+-------+-----
Earth Magic    | 5 |  5.6
Dodging        | |  2.1
Stealth        | |  2.4
Spellcasting   | |  1.7
Transmutations | |  0.8

Action                   || total
-------------------------++-------
Melee: Unarmed           ||    24
       Dagger            ||    30
       Staff             ||    15
 Cast: Sandblast         ||    27
       Passwall          ||     1
 Abil: Heal Wounds       ||     4
  Use: Scroll            ||     1
Armor: Robe              ||    50
Dodge: Dodged            ||   146

Levels and vault maps discovered:
D:1:      wheals_arrival_shading, layout_loops_ring, chequers_jeans,
          chequers_serial_rivers_micro_b, minmay_crystal_water
D:2:      layout_basic, fountainhead, uniq_terence, uniq_natasha
D:3:      minmay_chambers_of_twos, layout_basic, dk_yredelemnul_ordeal,
          shapermc_ecumenical_altar_notcrosses, portal_sewer_entry_d,
          minmay_misc_feat_enclosed, wad_floor_pattern_2, kennysheep_orc_chapel
Sewer:    sewer_the_moccasin

Notes
Turn   | Place    | Note
-------+----------+-------------------------------------------
     0 | D:1      | Irenicus the Deep Dwarf Earth Elementalist began the quest
                  | for the Orb.
     0 | D:1      | Reached XP level 1. HP: 15/15 MP: 3/3
    85 | D:2      | Reached XP level 2. HP: 14/22 MP: 0/4
    96 | D:2      | Reached skill level 5 in Earth Magic
   152 | D:3      | Learned a level 2 spell: Passwall
   155 | D:3      | Found a glowing drain.
   159 | Sewer    | Entered a sewer
   193 | Sewer    | HP: 2/22 [kobold (3)]
   199 | Sewer    | Reached XP level 3. HP: 27/28 MP: 0/5
   237 | Sewer    | Noticed Purgy
   336 | Sewer    | HP: 1/28 [Purgy (6)]
   338 | Sewer    | Slain by Purgy

Vanquished Creatures
  2 adders
  A ball python (D:2)
  2 endoplasms
  A hobgoblin (D:1)
  2 jackals (Sewer)
  3 kobolds (Sewer)
11 creatures vanquished.

Table legend: (Time is in decaauts)
 A = Elapsed time spent in this place.
 B = Non-inter-level travel time spent in this place.
 C = Inter-level travel time spent in this place.
 D = Time resting spent in this place.
 E = Time spent auto-exploring this place.
 F = Levels seen in this place.
 G = Mean time per level.
                   A        B        C        D        E       F      G
               +--------+--------+--------+--------+--------+-----+--------+
         Total |    349 |    349 |      0 |      0 |      0 |   4 |   87.2 |
       Dungeon |    158 |    158 |      0 |      0 |      0 |   3 |   52.7 |
         Sewer |    190 |    190 |      0 |      0 |      0 |   1 |  190.0 |
               +--------+--------+--------+--------+--------+-----+--------+

Top non-repeatable levels by time:
   Sewer: 190 daAuts
     D:2: 92 daAuts
     D:1: 33 daAuts
     D:3: 32 daAuts

Table legend:
 A = Non-vault XP
 B = Vault XP
 C = Vault XP percentage of total XP
 D = Non-vault monster count
 E = Vault monster count
 F = Vault count percentage of total count
                 A         B        C        D         E       F
            +---------+---------+-------+---------+---------+-------
      Total |      21 |      22 |  51.2 |       5 |       6 |  54.5
            +---------+---------+-------+---------+---------+-------
        D:1 |       4 |       0 |   0.0 |       2 |       0 |   0.0
        D:2 |      17 |       0 |   0.0 |       3 |       0 |   0.0
        D:3 |       0 |      14 | 100.0 |       0 |       1 | 100.0
      Sewer |       0 |       8 | 100.0 |       0 |       5 | 100.0
            +---------+---------+-------+---------+---------+-------
